 Dungeon Crawl Stone Soup version 0.32-a0-328-gd8048dd28f (webtiles) character file.

Game seed: 5289145343258033733

137972 DisplacerKitten the Unseen (level 16, -8/93 HPs)
             Began as a Spriggan Enchanter on Feb 17, 2024.
             Was a Follower of Jiyva.
             Killed from afar by Azrael (73 damage)
             ... with a bolt of fire
             ... on level 1 of the Snake Pit.
             The game lasted 01:16:00 (41532 turns).

DisplacerKitten the Unseen (Spriggan Enchanter)    Turns: 41532, Time: 01:16:01

Health: -8/93      AC:  8    Str: 12    XL:     16   Next: 70%
Magic:  20/31      EV: 30    Int: 20    God:    Jiyva [*.....]
Gold:   888        SH:  5    Dex: 22    Spells: 23/35 levels left

rFire   x . .        F - +6 scimitar "Spider's Nightmare" {freeze, rF- Will+ rCorr Str+8}
rCold   + . .        P - +0 buckler
rNeg    . . .        c - +3 troll leather armour
rPois   +            (helmet restricted)
rElec   .            d - +1 cloak
rCorr   +            (gloves unavailable)
SInv    +            (boots unavailable)
Will    +++..        b - amulet of the acrobat
Stlth   ++++++++     y - ring of protection from cold
HPRegen 1.95/turn    O - ring "Laest" {rPois Int+2}
MPRegen 0.62/turn

%: acrobat
@: very quick
A: very small, no large weapons, unfitting armour, see invisible, speed 3
a: Renounce Religion


You were on level 1 of the Snake Pit.
You worshipped Jiyva.
Jiyva was aware of your devotion.
You visited 6 branches of the dungeon, and saw 26 of its levels.
You also visited: Sewer, Ossuary and Volcano.

You collected 2820 gold pieces.
You spent 1932 gold pieces at shops.

Inventory:

Hand Weapons
 a - a +1 dagger
 s - a +2 dagger of protection
 F - the +6 scimitar "Spider's Nightmare" (weapon) {freeze, rF- Will+ rCorr Str+8}
   (You found it on level 7 of the Dungeon)

   Str+8:     It affects your strength (+8).
   rF-:       It makes you vulnerable to fire.
   Will+:     It increases your willpower.
   rCorr:     It protects you from acid and corrosion.
 G - a +1 rapier
 V - a +1 spectral demon blade
Missiles
 m - 6 curare-tipped darts
 H - 9 throwing nets
Armour
 c - a +3 troll leather armour (worn)
 d - a +1 cloak (worn)
 P - a +0 buckler (worn)
Jewellery
 b - an amulet of the acrobat (around neck)
 i - the ring of Beogh's Displeasure {+Blink Fly rPois Will- Stlth-}
   (You found it on level 15 of the Dungeon)

   [ring of poison resistance]

   rPois:     It protects you from poison Will-: It decreases your willpower.
   Fly:       It grants you flight.
   +Blink:    It lets you blink.
   Stlth-:    It makes you less stealthy.
 t - an amulet of guardian spirit
 y - a ring of protection from cold (left hand)
 J - a ring of poison resistance
 N - the ring "Niatz" {Fly rPois Will- rCorr}
   (You found it on level 9 of the Dungeon)

   [ring of poison resistance]

   rPois:     It protects you from poison Will-: It decreases your willpower.
   Fly:       It grants you flight.
   rCorr:     It protects you from acid and corrosion.
 O - the ring "Laest" (right hand) {rPois Int+2}
   (You found it on level 10 of the Dungeon)

   [ring of poison resistance]

   Int+2:     It affects your intelligence (+2).
   rPois:     It protects you from poison
 T - an amulet of faith
 U - a ring of magical power
 Z - a ring of wizardry
Talismans
 z - a granite talisman
Scrolls
 e - 4 scrolls of poison
 f - 6 scrolls of vulnerability {!r}
 g - a scroll of enchant armour
 j - 3 scrolls of revelation {@r5}
 p - 4 scrolls of amnesia
 q - 2 scrolls of torment
 r - 4 scrolls of fear
 u - 5 scrolls of teleportation {@r3}
 v - 2 scrolls of brand weapon
 w - 5 scrolls of fog {@r2}
 D - 2 scrolls of blinking {@r4}
 E - 4 scrolls of immolation
 W - a scroll of enchant weapon
 X - 3 scrolls of noise
Potions
 h - 5 potions of haste {@q5}
 k - 4 potions of might {@q3}
 l - 13 potions of curing {@q2}
 n - 5 potions of brilliance
 o - 3 potions of heal wounds {@q1}
 x - 4 potions of attraction
 A - 2 potions of degeneration {unknown}
 C - a potion of magic {unknown}
 I - a potion of lignification
 L - 3 potions of mutation {unknown}
 M - a potion of invisibility
 Q - 2 potions of cancellation
 Y - 2 potions of enlightenment
Miscellaneous
 B - a tin of tremorstones (2/2)
 K - a phantom mirror
 R - a lightning rod (4/4)
 S - a box of beasts


   Skills:
 - Level 14.1 Fighting
 - Level 14.0(14.3) Short Blades
 - Level 3.8(8.0) Long Blades
 - Level 15.0 Dodging
 - Level 20.0 Stealth
 - Level 10.0 Spellcasting
 - Level 10.0 Hexes
 - Level 12.3 Translocations
 + Level 4.3 Shapeshifting


You had 23 spell levels left.
You knew the following spells:

 Your Spells              Type           Power      Damage    Failure   Level
c - Confusing Touch       Hex            50%        N/A       1%          3
d - Dazzling Flash        Conj/Hex       60%        N/A       4%          3
e - Ensorcelled Hibernat  Hex/Ice        60%        N/A       2%          2
m - Manifold Assault      Tloc           56%        N/A       1%          4

Your spell library contained the following spells:

 Spells                   Type           Power      Damage    Failure   Level
 Apportation              Tloc           100%       N/A       1%          1
 Jinxbite                 Hex            100%       N/A       1%          2
 Tukima's Dance           Hex            50%        N/A       1%          3
 Freeze                   Ice            40%        1d6       13%         1
 Magic Dart               Conj           40%        1d5       13%         1
 Sandblast                Erth           20%        2d7       13%         1
 Sting                    Conj/Alch      40%        1d5       13%         1
 Mercury Vapours          Alch/Air       20%        N/A       21%         2
 Searing Ray              Conj           20%        2d5       21%         2
 Frozen Ramparts          Ice            20%        1d4       36%         3
 Fugue of the Fallen      Necr           10%        N/A       36%         3
 Hailstorm                Conj/Ice       10%        3d6       36%         3
 Ozocubu's Armour         Ice            10%        N/A       36%         3
 Passwall                 Erth           10%        N/A       36%         3
 Stone Arrow              Conj/Erth      20%        3d8       36%         3
 Swiftness                Air            10%        N/A       36%         3
 Animate Armour           Summ/Erth      20%        N/A       78%         4
 Brom's Barrelling Bould  Conj/Erth      10%        2d3       78%         4
 Fulminant Prism          Conj/Alch      5%         3d6       78%         4
 Ignite Poison            Fire/Alch      10%        N/A       78%         4
 Olgreb's Toxic Radiance  Alch           10%        N/A       78%         4
 Sticky Flame             Fire/Alch      10%        2d5       78%         4
 Summon Lightning Spire   Summ/Air       10%        N/A       78%         4
 Alistair's Intoxication  Alch           6%         N/A       98%         5
 Lee's Rapid Deconstruct  Erth           5%         3d6*      98%         5
 Ignition                 Fire           5%         3d4       100%        8
 Lehudib's Crystal Spear  Conj/Erth      5%         10d3      100%        8


Dungeon Overview and Level Annotations

Branches:
Dungeon (15/15)            Temple (1/1) D:4            Lair (5/5) D:9
  Swamp (0/4) Lair:2        Snake (2/4) Lair:2        Slime (0/5) Lair:5
    Orc (2/2) D:11            Elf (0/3) Orc:2        Vaults (0/5) D:14
 Depths (1/4) D:15          Sewer (visited)         Ossuary (visited)
Volcano (visited)

Altars:
Ashenzari
Cheibriados
Dithmenos
Elyvilon
Fedhas
Gozag
Hepliaklqana
Kikubaaqudgha
Makhleb
Nemelex Xobeh
Okawaru
Qazlal
Ru
Sif Muna
Trog
Uskayaw
Vehumet
Wu Jian
Xom
Yredelemnul
Zin
The Shining One
Beogh
Jiyva

Shops:
D:2 :   D:9 *   Orc:2 [:(!?   Snake:1 ::=

Annotations:
Snake:1 Azrael


Innate Abilities, Weirdness & Mutations

You are very small and have problems with some larger weapons.
You are too small for most types of armour.
You have supernaturally acute eyesight. (SInv)
You cover ground extremely quickly. (Speed+++)


Message History

Space momentarily warps into an impossible shape!
You hit the naga but do no damage.
The naga appears confused.
You slash Azrael! You freeze Azrael.
You hit the naga sharpshooter but do no damage.
An anaconda comes into view.
Azrael completely misses you.
The naga sharpshooter shoots a bolt.
You block the bolt.
Azrael hits you with a +4 scimitar of flaming!
Azrael burns you.
The naga sharpshooter casts a spell.
The naga sharpshooter magically shoots a bolt.
The bolt completely misses you.
You climb upwards.
There is a stone staircase leading down, spattered with blood here.
Space momentarily warps into an impossible shape!
You hit Azrael but do no damage. Azrael completely misses you.
You slash Azrael! You freeze Azrael!
Azrael is heavily wounded.
Azrael hits you with a +4 scimitar of flaming.
Azrael burns you.
You slash Azrael! You freeze Azrael.
Azrael is severely wounded.
Azrael completely misses you.
You completely miss Azrael.
Azrael is severely wounded.
Azrael closely misses you.
You hit Azrael. You freeze Azrael.
Azrael is severely wounded.
Azrael gestures at you.
The sphere of damnation explodes!
The damnation engulfs you!!
The damnation engulfs Azrael.
Azrael completely resists.
You are too injured to fight recklessly!
You are too injured to fight recklessly!
You slash Azrael! You freeze Azrael!
Azrael is almost dead.
Azrael gestures at you. The bolt of fire hits you!!!!
The fire burns you terribly!
Ouch! That really hurt!
You die...
Jiyva sends a jelly to digest your remains.

.#...# ### .....### #.## ..##...#
#..# ..####.# ##.#########
.#####.### #....##...#
.........######........#
..........#.# #........#
............# ##R...####
............# #@..#### ####
.......##...#####.....# ##...
........#...##........#######....
......#..#..##.^......#..........
....####....#...........#####...#
###.######..........#.### #...###
..#.##..........##....#####.###
#.#.##...##.................#
#.#.##..####.....#.J....#####


You could see Azrael.

Vanquished Creatures
  Rupert (D:15)
  Asterion (D:15)
  Louise (Lair:2)
  2 orc warlords
  A red draconian (Volcano)
  Harold (D:9)
  2 ice dragons (D:15)
  5 anacondas
  A catoblepas (Lair:5)
  A boulder beetle (Lair:3)
  2 ogre magi
  6 centaur warriors
  Erica (D:11)
  8 hydras
  5 two-headed ogres
  A hell hog (Lair:5)
  4 tengu warriors
  An orc high priest (Orc:2)
  3 naga sharpshooters (Snake:1)
  8 skeletal warriors
  3 salamander mystics (Snake:1)
  Amaemon (Lair:1)
  A skyshark (Lair:3)
  2 mana vipers (Snake:1)
  A naga ritualist (Snake:1)
  Pikel (D:8)
  8 orc knights
  4 deep elf pyromancers
  An oklob plant (Lair:5)
  12 ugly things
  6 orc sorcerers
  A will-o-the-wisp (Lair:2)
  29 salamanders
  A meliai (shapeshifter) (D:14)
  4 kobold blastminers (Orc:2)
  11 black mambas
  Joseph (D:8)
  14 elephants
  7 naga magi
  An ice statue (D:15)
  2 molten gargoyles (Volcano)
  An orange demon (Lair:2)
  3 gargoyles
  19 cane toads
  A torpor snail (Lair:5)
  4 centaur skeletons (D:14)
  3 yaktaurs
  An efreet (D:14)
  An unseen horror (D:12)
  17 komodo dragons
  2 tengu conjurers
  2 freezing wraiths (D:14)
  4 kobold demonologists
  11 trolls
  A troll (shapeshifter) (D:14)
  14 polar bears
  Grinder (Temple)
  A hornet (D:11)
  2 raiju (Lair:5)
  7 saltlings
  Prince Ribbit (D:8)
  27 blink frogs
  7 dream sheep (Lair:3)
  A jumping spider (shapeshifter) (D:15)
  2 shadows
  A wraith (D:12)
  5 slime creatures
  34 yaks
  A vampire (D:10)
  4 wyverns
  3 fire elementals (Snake:1)
  14 wargs
  Grum (D:9)
  6 basilisks
  A fire bat (Volcano)
  2 steam dragons
  17 vampire mosquitoes
  5 acid dragons
  14 hell hounds
  7 nagas
  12 water moccasins
  Pargi (D:3)
  23 orc warriors
  A sky beast (D:7)
  18 black bears
  2 laughing skulls (D:15)
  34 wolves
  20 centaurs
  7 ogres
  A lemure (D:8)
  A phantom (D:6)
  9 kobold brigands
  2 elf zombies (Ossuary)
  14 bullfrogs
  6 scorpions
  3 gnoll sergeants
  2 burial acolytes (Ossuary)
  9 killer bees
  6 howler monkeys
  2 electric eels
  2 lava snakes (Volcano)
  2 bombardier beetles
  6 jellies
  4 gnoll boudas
  6 hounds
  19 orc priests
  Crazy Yiuf (D:4)
  A human zombie (Ossuary)
  3 sleepcaps
  16 iguanas
  Natasha (thrice) (D:3)
  23 orc wizards
  5 hell rats (Lair:2)
  3 mummies
  Robin (D:3)
  A howler monkey zombie (Ossuary)
  19 gnolls
  2 river rats
  8 adders
  2 shadow imps (D:7)
  3 white imps
  2 dart slugs
  A ribbon worm (D:4)
  79 orcs
  11 ball pythons
  15 endoplasms
  5 giant cockroaches
  8 hobgoblins
  7 jackals (D:7)
  A quokka (D:2)
  10 bats
  18 frilled lizards
  9 goblins
  2 hobgoblin zombies (D:5)
  45 kobolds
  An orc zombie (Ossuary)
  10 rats
941 creatures vanquished.

Vanquished Creatures (collateral kills)
  Aizul (Snake:1)
  A saltling (Orc:1)
  A water elemental (D:10)
3 creatures vanquished.

Vanquished Creatures (others)
  A bullfrog (D:7)
  28 jellies
  4 foxfires (Lair:2)
33 creatures vanquished.

Grand Total: 977 creatures vanquished

Notes
Turn   | Place    | Note
-------+----------+-------------------------------------------
     0 | D:1      | DisplacerKitten the Spriggan Enchanter began the quest for
                  | the Orb.
     0 | D:1      | Reached XP level 1. HP: 9/9 MP: 5/5
    58 | D:1      | Found a faded altar of an unknown god.
   290 | D:1      | Reached skill level 5 in Stealth
   290 | D:1      | Reached XP level 2. HP: 13/13 MP: 6/6
   293 | D:1      | Learned a level 2 spell: Ensorcelled Hibernation
   967 | D:2      | Found Giorem's Book Boutique.
  1091 | D:2      | Reached XP level 3. HP: 16/16 MP: 5/8
  1461 | D:2      | Reached skill level 6 in Stealth
  1650 | D:3      | Found a glowing drain.
  1669 | D:3      | Reached XP level 4. HP: 17/21 MP: 9/9
  1725 | Sewer    | Entered a sewer
  1768 | Sewer    | Noticed a kobold brigand
  1770 | Sewer    | Killed a kobold brigand
  1771 | Sewer    | Reached skill level 7 in Stealth
  1771 | Sewer    | Reached XP level 5. HP: 24/24 MP: 10/10
  1990 | Sewer    | Reached skill level 8 in Stealth
  2297 | Sewer    | Reached XP level 6. HP: 28/28 MP: 2/11
  2455 | D:3      | Noticed Natasha
  2458 | D:3      | Reached skill level 5 in Short Blades
  2467 | D:3      | Killed Natasha
  2566 | D:3      | Noticed Natasha
  2623 | D:3      | Killed Natasha
  2722 | D:3      | Found a shimmering altar of Xom.
  2804 | D:3      | Noticed Robin
  2884 | D:3      | Killed Robin
  3306 | D:3      | Found a stormy altar of Qazlal.
  3382 | D:3      | Noticed Pargi
  3447 | D:3      | Learned a level 3 spell: Confusing Touch
  3645 | D:3      | Noticed Natasha
  3654 | D:3      | Killed Natasha
  4056 | D:3      | Found a shimmering altar of Xom.
  4062 | D:3      | Killed Pargi
  4063 | D:3      | Reached skill level 5 in Hexes
  4063 | D:3      | Reached XP level 7. HP: 32/32 MP: 10/14
  4208 | D:3      | Found a stormy altar of Qazlal.
  4628 | D:4      | Found a staircase to the Ecumenical Temple.
  4631 | D:4      | Noticed Grinder
  4638 | Temple   | Entered the Ecumenical Temple
  4832 | Temple   | Killed Grinder
  5257 | D:4      | Found a runed translucent door.
  5258 | D:4      | Noticed Crazy Yiuf
  5265 | D:4      | Killed Crazy Yiuf
  5303 | D:5      | Entered Level 5 of the Dungeon
  5320 | D:5      | Reached skill level 1 in Fighting
  5320 | D:5      | Reached XP level 8. HP: 37/37 MP: 15/15
  5409 | D:5      | Found a sand-covered staircase.
  5414 | Ossuary  | Entered an ossuary
  5414 | Ossuary  | Found a huge runed translucent gate.
  5414 | Ossuary  | Found a huge runed translucent gate.
  5414 | Ossuary  | Found a huge runed translucent gate.
  5414 | Ossuary  | Found a huge runed translucent gate.
  5414 | Ossuary  | Found a huge runed translucent gate.
  5414 | Ossuary  | Found a huge runed translucent gate.
  5414 | Ossuary  | Found a huge runed translucent gate.
  5414 | Ossuary  | Found a huge runed translucent gate.
  5414 | Ossuary  | Found a huge runed translucent gate.
  5415 | Ossuary  | Found a huge runed translucent gate.
  5415 | Ossuary  | Found a huge runed translucent gate.
  5416 | Ossuary  | Found a huge runed translucent gate.
  5416 | Ossuary  | Found a huge runed translucent gate.
  5418 | Ossuary  | Found a huge runed translucent gate.
  5418 | Ossuary  | Found a huge runed translucent gate.
  5423 | Ossuary  | Found a huge runed translucent gate.
  5423 | Ossuary  | Found a huge runed translucent gate.
  5423 | Ossuary  | Found a huge runed translucent gate.
  5423 | Ossuary  | Found a huge runed translucent gate.
  5426 | Ossuary  | Found a huge runed translucent gate.
  5470 | Ossuary  | Found a huge runed translucent gate.
  5470 | Ossuary  | Found a huge runed translucent gate.
  5472 | Ossuary  | Found a huge runed translucent gate.
  5472 | Ossuary  | Found a huge runed translucent gate.
  5473 | Ossuary  | Found a huge runed translucent gate.
  5473 | Ossuary  | Found a huge runed translucent gate.
  5474 | Ossuary  | Found a huge runed translucent gate.
  5474 | Ossuary  | Found a huge runed translucent gate.
  5479 | Ossuary  | Found a huge runed translucent gate.
  5479 | Ossuary  | Found a huge runed translucent gate.
  5490 | Ossuary  | Found a huge runed translucent gate.
  5490 | Ossuary  | Found a huge runed translucent gate.
  5490 | Ossuary  | Found a huge runed translucent gate.
  5490 | Ossuary  | Found a huge runed translucent gate.
  5510 | Ossuary  | Found a huge runed translucent gate.
  5570 | Ossuary  | Reached skill level 5 in Dodging
  5749 | D:5      | Found a blossoming altar of Fedhas.
  6731 | D:6      | Found a glowing silver altar of Zin.
  6811 | D:6      | Reached XP level 9. HP: 30/44 MP: 7/16
  6970 | D:6      | Reached skill level 9 in Stealth
  7097 | D:6      | Found a burning altar of Makhleb.
  7324 | D:6      | Found a basalt altar of Yredelemnul.
  7684 | D:6      | Found a hide-covered altar of Uskayaw.
  8009 | D:7      | Reached skill level 10 in Stealth
  8987 | D:7      | Reached skill level 11 in Stealth
  9209 | D:7      | Noticed a gargoyle
  9213 | D:7      | Killed a gargoyle
  9346 | D:7      | Reached skill level 12 in Stealth
  9615 | D:7      | Found a sacrificial altar of Ru.
  9823 | D:7      | Reached skill level 5 in Spellcasting
  9823 | D:7      | Reached XP level 10. HP: 36/49 MP: 0/18
 10119 | D:7      | Found a runed translucent door.
 10119 | D:7      | Found a runed translucent door.
 10121 | D:7      | Noticed a deep elf pyromancer
 10121 | D:7      | Found a runed translucent door.
 10683 | D:7      | Killed a deep elf pyromancer
 10728 | D:7      | Reached skill level 5 in Fighting
 10873 | D:7      | Noticed a gargoyle
 10876 | D:7      | Identified the +6 scimitar "Spider's Nightmare" {freeze,
                  | rF- Will+ rCorr Str+8}
 10894 | D:7      | Killed a gargoyle
 11231 | D:8      | Noticed Joseph
 11233 | D:8      | Found a white marble altar of Elyvilon.
 11241 | D:8      | Killed Joseph
 11334 | D:8      | Noticed Prince Ribbit
 11358 | D:8      | Killed Prince Ribbit
 11997 | D:8      | Noticed Pikel
 12004 | D:8      | Killed Pikel
 12044 | D:8      | Reached XP level 11. HP: 56/56 MP: 18/21
 12427 | D:9      | Reached skill level 10 in Hexes
 12440 | D:9      | Noticed Harold
 12447 | D:9      | Killed Harold
 12448 | D:9      | Reached skill level 10 in Short Blades
 12566 | D:9      | Identified the ring "Niatz" {Fly rPois Will- rCorr}
 12953 | D:9      | Found Ujoec's Assorted Antiques.
 12958 | D:9      | Bought a bubbling sapphire potion for 18 gold pieces
 12958 | D:9      | Bought a scroll labelled LUUCUR RAGU for 21 gold pieces
 12958 | D:9      | Bought a scroll labelled GANIGG LOPAMO for 21 gold pieces
 13182 | D:9      | Found a staircase to the Lair.
 13226 | D:9      | Reached skill level 13 in Stealth
 13697 | D:9      | Noticed Grum
 13700 | D:9      | Reached skill level 10 in Dodging
 13702 | D:9      | Killed Grum
 13928 | D:9      | Reached skill level 14 in Stealth
 14278 | D:9      | Found Ujoec's Assorted Antiques.
 14377 | D:9      | Found a staircase to the Lair.
 14875 | D:10     | Entered Level 10 of the Dungeon
 15037 | D:10     | Found a sparkling altar of Nemelex Xobeh.
 15058 | D:10     | Identified the ring "Laest" {rPois Int+2}
 15073 | D:10     | Noticed a two-headed ogre
 15100 | D:10     | Killed a two-headed ogre
 15101 | D:10     | Reached skill level 15 in Stealth
 15210 | D:10     | You fall into a shaft and drop 2 floors!
 15491 | D:12     | Noticed a purple ugly thing
 15497 | D:12     | Killed a purple ugly thing
 15498 | D:12     | Reached XP level 12. HP: 61/61 MP: 22/22
 15978 | D:10     | Noticed a two-headed ogre
 15985 | D:10     | Killed a two-headed ogre
 16049 | D:10     | Noticed a two-headed ogre
 16056 | D:10     | Killed a two-headed ogre
 16117 | D:10     | Noticed an ogre mage
 16125 | D:10     | Killed an ogre mage
 16240 | D:10     | Reached skill level 15 in Dodging
 17458 | D:11     | Found a staircase to the Orcish Mines.
 17907 | D:11     | Noticed Erica
 17913 | D:11     | Killed Erica
 18048 | Orc:1    | Entered Level 1 of the Orcish Mines
 18048 | Orc:1    | Found a roughly hewn altar of Beogh.
 18094 | Orc:1    | Reached skill level 16 in Stealth
 18352 | Orc:1    | Noticed an orc warlord
 18910 | Orc:1    | Killed an orc warlord
 19277 | Orc:2    | Entered Level 2 of the Orcish Mines
 19277 | Orc:2    | Found a staircase to the Elven Halls.
 19277 | Orc:2    | Found Dikk's Magic Scroll Shop.
 19468 | Orc:2    | Bought a scroll of blinking for 97 gold pieces
 19468 | Orc:2    | Bought a scroll of fear for 52 gold pieces
 19468 | Orc:2    | Bought a scroll of summoning for 123 gold pieces
 19721 | Orc:2    | Reached skill level 17 in Stealth
 20305 | Orc:2    | Reached XP level 13. HP: 68/68 MP: 18/23
 20327 | Orc:1    | Learned a level 3 spell: Dazzling Flash
 21311 | Orc:2    | Reached skill level 18 in Stealth
 21351 | Orc:2    | Found Erphoawk's Distillery.
 21435 | Orc:2    | Bought a potion of cancellation for 96 gold pieces
 21435 | Orc:2    | Bought a potion of heal wounds for 60 gold pieces
 21449 | Orc:2    | Found Lynuaw's Book Boutique.
 21452 | Orc:2    | Found Fycsusak's Armour Boutique.
 21454 | Orc:2    | Found a roughly hewn altar of Beogh.
 21821 | Orc:2    | Found Huas's Antique Weapon Shop.
 21821 | Orc:2    | Noticed an orc warlord
 22116 | Orc:2    | Killed an orc warlord
 22117 | Orc:2    | Reached skill level 19 in Stealth
 22317 | Lair:1   | Entered Level 1 of the Lair of Beasts
 23194 | Lair:2   | Noticed Amaemon
 23357 | Lair:1   | Killed Amaemon
 23478 | Lair:2   | Reached skill level 20 in Stealth
 23738 | Lair:2   | Reached skill level 10 in Fighting
 23861 | Lair:2   | Reached skill level 1 in Translocations
 24019 | Lair:2   | Found a staircase to the Snake Pit.
 24021 | Lair:2   | Found a staircase to the Swamp.
 24746 | Lair:3   | Found a glowing silver altar of Zin.
 24748 | Lair:3   | Reached XP level 14. HP: 77/77 MP: 25/25
 24911 | Lair:2   | Reached skill level 5 in Translocations
 26811 | Lair:4   | Found a dark tunnel.
 26836 | Volcano  | Entered a volcano
 26875 | Volcano  | Reached skill level 10 in Spellcasting
 27195 | Volcano  | Found a bloodstained altar of Trog.
 27293 | Volcano  | Reached skill level 10 in Translocations
 28506 | Lair:5   | Entered Level 5 of the Lair of Beasts
 29155 | Lair:5   | Found a staircase to the Slime Pits.
 29156 | Lair:5   | Found a viscous altar of Jiyva.
 29510 | Lair:5   | Reached XP level 15. HP: 80/81 MP: 19/30
 31919 | D:12     | Identified the +8 war axe of Absolution {pain, Fly rElec}
 33829 | D:14     | Found a gate to the Vaults.
 34155 | D:14     | Found a hide-covered altar of Uskayaw.
 34243 | D:15     | Entered Level 15 of the Dungeon
 34993 | D:15     | Noticed Rupert
 35000 | D:15     | Killed Rupert
 35001 | D:15     | Reached XP level 16. HP: 91/91 MP: 31/31
 35008 | D:15     | Found a sacrificial altar of Ru.
 35052 | D:15     | Found a staircase to the Depths.
 35192 | D:15     | Identified the ring of Beogh's Displeasure {+Blink Fly
                  | rPois Will- Stlth-}
 35724 | D:2      | Bought a book of Battle for 364 gold pieces
 35729 | D:2      | Learned a level 4 spell: Manifold Assault
 36172 | Lair:5   | Became a worshipper of Jiyva Jimm the Shapeless
 36459 | Depths:1 | Entered Level 1 of the Depths
 36459 | Depths:1 | Noticed Asterion
 36678 | D:15     | Killed Asterion
 37150 | Snake:1  | Entered Level 1 of the Snake Pit
 37150 | Snake:1  | Noticed Louise
 37404 | Lair:2   | Found a staircase to the Snake Pit.
 37406 | Lair:2   | Found a staircase to the Swamp.
 37499 | Lair:2   | Killed Louise
 37500 | Lair:2   | Reached skill level 1 in Long Blades
 39119 | Snake:1  | Identified the serpent talisman of Kopuimed {rN+ MP+9}
 39119 | Snake:1  | Noticed Aizul
 39258 | Snake:1  | Killed Aizul
 40812 | Snake:1  | Found Jumnagoare's Book Emporium.
 40813 | Snake:1  | Found Izoqe's Jewellery Boutique.
 40815 | Snake:1  | Found Jejil's Book Emporium.
 40823 | Snake:1  | Bought a granite talisman for 1080 gold pieces
 40897 | Snake:1  | Reached skill level 1 in Shapeshifting
 41238 | Snake:1  | Reached * piety under Jiyva
 41380 | Snake:2  | Noticed Azrael
 41532 | Snake:1  | Killed from afar by Azrael

Illustrated notes

Levels and vault maps discovered:
D:1:      amcnicky_arrival_feature_with_door, layout_loops_ring,
          shapermc_ecumenical_altar_notcrosses, minmay_pentomino_s2
D:2:      layout_loops_ring, serial_shops, shop_statue
D:3:      layout_basic, mainiacjoe_overflow_tiny_flanked,
          nicolae_qazlal_eye_of_the_storm, portal_sewer_entry_a, st_stairs_14,
          grunt_ministairs_5, minmay_misc_feat_iff,
          chequers_serial_rivers_micro_b, minivault_23, serial_bayou_ford_a,
          uniq_natasha, uniq_robin, uniq_pargi
D:4:      layout_rooms, minmay_temple_entry_mini_moons, uniq_crazy_yiuf_cottage,
          uniq_grinder
D:5:      layout_basic, fedhas_bush_and_centaur_altar,
          nicolae_ossuary_entry_giza
D:6:      layout_loops_corners, marbit_many_paths,
          lemuel_coloured_pillars_altar, mainiacjoe_overflow_brackets,
          mainiacjoe_overflow_alcove_2
D:7:      minmay_the_grid_triangle_9x9_rhombus_full
          [minmay_the_grid_triangle_9x9_corrupted_corridor,
          minmay_the_grid_triangle_9x9_odd_lines,
          minmay_the_grid_triangle_9x9_shrine,
          minmay_the_grid_triangle_9x9_cache,
          minmay_the_grid_triangle_9x9_zippers_horizontal,
          minmay_the_grid_triangle_9x9_fully_insulated_deathbox,
          minmay_the_grid_triangle_9x9_skeleton,
          minmay_the_grid_triangle_9x9_prize_insulated], layout_cave_pools,
          lemuel_round_altar, serial_gnoll_camp, gnoll_camp_mini_basic,
          gnoll_camp_medium_02, gnoll_camp_mini_hut, gnoll_camp_mini_basic,
          gnoll_camp_mini_hut
D:8:      minmay_angry_zag, layout_gridville, lemuel_crystal_altar, uniq_joseph,
          uniq_pikel, uniq_prince_ribbit1
D:9:      layout_basic, minmay_lair_entry_grove, serial_shops, shop,
          grunt_ministairs_3, minmay_unpleasant_kobolds, uniq_grum, uniq_harold
D:10:     layout_roguey, nemelex_altar_shiori, corexii_hall_statues_deadend,
          minmay_checkerbox
D:11:     layout_basic, erik_orc_2, serial_glass, glass_columns_c,
          glass_columns_b, glass_columns_b, glass_columns_b, glass_columns_b,
          glass_columns_b, glass_columns_a, glass_columns_b, glass_columns_b,
          glass_columns_a, glass_columns_a, glass_columns_a, glass_columns_a,
          glass_columns_b, uniq_erica
D:12:     layout_basic
D:13:     layout_big_octagon
D:14:     layout_long_grid, hangedman_vaults_entry_quadrant_bands,
          nicolae_uskayaw_dance_hall
D:15:     grunt_enter_depths_hoard, layout_irregular_city,
          nicolae_ru_the_path_less_chosen, minivault_15, reono_crystal_passage,
          minivault_23, uniq_rupert
Temple:   nicolae_temple_x_marks_the_god
Lair:1:   layout_chaotic_city, lemuel_fruit_tree
Lair:2:   layout_gridlike, minmay_swamp_entry_wisps,
          guppyfry_snake_entry_island, columned_hall_lemuel, minivault_26,
          st_stairs_4, forest_entry_grove, grunt_megastairs_5, uniq_amaemon
Lair:3:   layout_misc_corridors, basic_altar, minivault_26,
          nicolae_lair_lil_pond, pond, grunt_megastairs_2, uniq_kirke
Lair:4:   lemuel_reptile_caves, layout_cave_pods,
          nicolae_volcano_entry_lava_flow
Lair:5:   hangedman_lair_caniforms_friends, layout_gridlike,
          nicolae_slime_entry_slimehenge, grunt_forest_large_clearing_hut
Snake:1:  layout_misc_corridors, nicolae_snake_salamander_zone,
          minmay_shop_grove, uniq_louise, uniq_aizul
Snake:2:  nicolae_snake_attic_fulla_snakes, layout_rooms, serial_shops, shop,
          drop_trap, uniq_mlioglotl, uniq_azrael, uniq_vashnia, uniq_frances
Orc:1:    layout_caves, basic_altar
Orc:2:    hellmonk_orc_salted, layout_caves, serial_shops, shop, mines5_lemuel
Depths:1: minmay_shrinking_squares, layout_long_grid, rand_demon_pan_entry_1,
          minmay_misc_feat_secret_circle, hell_entry, lemuel_angel_altar,
          minmay_shop_star, uniq_asterion, uniq_boris

Skill      XL: |  1  2  3  4  5  6  7  8  9 10 11 12 13 14 15 16 |
---------------+-------------------------------------------------+-----
Stealth        | 5 6 7 8 12 15 17 20 | 20.0
Short Blades   | 2 3 4 5 8 9 10 11 14 | 14.0
Spellcasting   | 4 5 6 7 10 | 10.0
Hexes          | 5 8 9 10 | 10.0
Dodging        | 3 8 12 15 | 15.0
Fighting       | 1 3 6 7 10 13 14 | 14.1
Translocations | 3 10 12 | 12.3
Long Blades    | 3 |  3.8
Shapeshifting  | 4 |  4.3

Action                     |  1- 3 |  4- 6 |  7- 9 | 10-12 | 13-15 | 16-18 || total
---------------------------+-------+-------+-------+-------+-------+-------++-------
  Melee: Dagger            |    61 |   164 |   399 |   646 |  1365 |   162 ||  2797
         Scimitar          |       |       |       |       |       |   223 ||   223
         Demon blade       |       |       |       |       |       |    66 ||    66
         Rapier            |       |       |       |       |       |    18 ||    18
   Cast: Ensorcelled Hiber |    12 |    33 |   135 |   220 |   476 |    83 ||   959
         Confusing Touch   |       |       |    12 |    31 |   101 |    22 ||   166
         Dazzling Flash    |       |       |       |       |     1 |       ||     1
         Manifold Assault  |       |       |       |       |       |   112 ||   112
  Evoke: Wand              |       |       |       |    34 |     4 |       ||    38
         Lightning rod     |       |       |       |     8 |     5 |       ||    13
         Tin of tremorston |       |       |       |     2 |       |       ||     2
         Box of beasts     |       |       |       |     1 |     2 |       ||     3
         Phantom mirror    |       |       |       |     1 |     1 |       ||     2
    Use: Scroll            |       |       |     3 |    15 |     4 |     8 ||    30
         Potion            |       |       |       |     1 |     1 |     7 ||     9
   Stab: Sleeping          |    27 |    35 |   103 |   147 |   281 |    26 ||   619
         Confused          |       |       |    11 |    22 |   101 |    17 ||   151
         Distracted        |       |       |     3 |     2 |    10 |     1 ||    16
         Invisible         |       |       |       |     5 |     4 |       ||     9
         Petrified         |       |       |       |       |     9 |       ||     9
 Armour: Robe              |    10 |    54 |   113 |   165 |    37 |       ||   379
         Troll leather arm |       |       |       |       |   422 |   151 ||   573
  Dodge: Dodged            |    35 |   114 |   342 |   588 |  1476 |   409 ||  2964
  Block: Buckler           |       |       |       |    68 |   297 |    95 ||   460

Table legend: (Time is in decaauts)
 A = Elapsed time spent in this place.
 B = Non-inter-level travel time spent in this place.
 C = Inter-level travel time spent in this place.
 D = Time resting spent in this place.
 E = Time spent auto-exploring this place.
 F = Levels seen in this place.
 G = Mean time per level.
                   A        B        C        D        E       F      G
               +--------+--------+--------+--------+--------+-----+--------+
         Total |  32001 |  29644 |   2357 |   6341 |  16950 |  29 | 1103.5 |
       Dungeon |  17153 |  15531 |   1622 |   2772 |   9959 |  15 | 1143.5 |
        Temple |    197 |    197 |      0 |     23 |    141 |   1 |  197.0 |
          Lair |   8432 |   7870 |    562 |   1869 |   4249 |   5 | 1686.4 |
     Snake Pit |   2118 |   2040 |     78 |    484 |    984 |   2 | 1059.0 |
  Orcish Mines |   2828 |   2736 |     92 |   1058 |   1018 |   2 | 1414.0 |
        Depths |     52 |     51 |      1 |      2 |      8 |   1 |   52.0 |
         Sewer |    561 |    561 |      0 |     28 |    355 |   1 |  561.0 |
       Ossuary |    259 |    259 |      0 |     64 |    107 |   1 |  259.0 |
       Volcano |    398 |    398 |      0 |     39 |    127 |   1 |  398.0 |
               +--------+--------+--------+--------+--------+-----+--------+

Top non-repeatable levels by time:
  Lair:2: 2802 daAuts
     D:7: 2800 daAuts
 Snake:1: 2099 daAuts
     D:9: 1920 daAuts
  Lair:5: 1853 daAuts
    D:11: 1720 daAuts
     D:3: 1621 daAuts
  Lair:3: 1545 daAuts
   Orc:1: 1492 daAuts
  Lair:4: 1344 daAuts
   Orc:2: 1336 daAuts
    D:15: 1323 daAuts
    D:10: 1140 daAuts
    D:12: 1073 daAuts
    D:14: 1066 daAuts
